 Dungeon Crawl Stone Soup version 0.31-a0-188-g5e087ee2ca (webtiles) character file.

Game seed: 9936202211796794492

79 qw the Shooter (level 4, -4/25 HPs)
             Began as a Deep Elf Hunter on June 23, 2023.
             Slain by Ijyb
             ... wielding a +6 club
              (12 damage)
             ... on level 3 of the Dungeon.
             The game lasted 00:00:37 (1624 turns).

qw the Shooter (Deep Elf Hunter)                    Turns: 1624, Time: 00:00:38

Health: -4/25      AC:  3    Str: 10    XL:     4   Next: 17%
Magic:  6/6        EV: 12    Int: 14    God:
Gold:   155        SH:  0    Dex: 18    Spells: 3/3 levels left

rFire   . . .        Y - +0 shortbow
rCold   . . .        (shield currently unavailable)
rNeg    . . .        c - +0 leather armour
rPois   .            (no helmet)
rElec   .            (no cloak)
rCorr   .            (no gloves)
SInv    .            (no boots)
Will    .....        (no amulet)
Stlth   ++           (no ring)
HPRegen 0.24/turn    (no ring)
MPRegen 0.10/turn

%: no passive effects
@: no status effects
A: no striking features
a: no special abilities


You were on level 3 of the Dungeon.
You visited 1 branch of the dungeon, and saw 3 of its levels.

You collected 155 gold pieces.


   Skills:
 - Level 1.5 Fighting
 + Level 7.6 Ranged Weapons
 - Level 2.4 Dodging
 - Level 1.2 Stealth


You had 3 spell levels left.
You didn't know any spells.
Your spell library was empty.

Inventory:

Hand Weapons
 Y - a +0 shortbow (weapon)
Armour
 c - a +0 leather armour (worn)
Jewellery
 b - a ring of fire
 k - an amulet of the acrobat
Scrolls
 a - a scroll of teleportation {unknown}
 g - a scroll of vulnerability {unknown}
 j - a scroll of identify {unknown}
Potions
 d - 3 potions of curing {unknown}
 e - a potion of lignification {unknown}
 f - 2 potions of enlightenment
 h - a potion of heal wounds {unknown}
 i - a potion of haste {unknown}
 l - a potion of attraction {unknown}

Dungeon Overview and Level Annotations

Branches:
Dungeon (3/15)

Altars:

Annotations:
D:3 Ijyb


Message History

Ijyb shouts!
You shoot an arrow. The arrow hits the goblin.
The goblin is severely wounded.
You shoot an arrow. The arrow closely misses the goblin.
You shoot an arrow. The arrow hits the goblin!
You kill the goblin!
You shoot an arrow. The arrow barely misses the goblin. x2
You shoot an arrow. The arrow hits the goblin.
The goblin is moderately wounded.
The goblin hits you with a +0 dagger.
You shoot an arrow. The arrow hits the goblin!
You kill the goblin!
The goblin barely misses you.
You shoot an arrow. The arrow closely misses the goblin.
The arrow completely misses the goblin.
The arrow barely misses Ijyb.
The goblin hits you with a +0 club.
You shoot an arrow. The arrow barely misses the goblin.
The arrow hits Ijyb!
Ijyb is moderately wounded.
The goblin hits you but does no damage.
You shoot an arrow. The arrow closely misses the goblin.
The arrow hits Ijyb but does no damage.
Ijyb is moderately wounded.
You shoot an arrow. The arrow hits Ijyb but does no damage.
Ijyb is moderately wounded.
You shoot an arrow. The arrow hits Ijyb but does no damage.
Ijyb is moderately wounded.
Ijyb hits you with a +6 club.
You shoot an arrow. The arrow closely misses Ijyb.
The arrow hits the goblin.
The goblin is moderately wounded.
Ijyb hits you with a +6 club.
You shoot an arrow. The arrow hits Ijyb.
Ijyb is moderately wounded.
Ijyb hits you with a +6 club!
You shoot an arrow. The arrow closely misses Ijyb.
The arrow hits the goblin.
You kill the goblin!
Ijyb misses you.
You shoot an arrow. The arrow barely misses Ijyb.
The arrow barely misses the goblin.
Ijyb hits you with a +6 club!
You die...

.........
..#####.# .
#.# .. #.#
... #.# ....
#.# .....
####..
....)8#######
......
.....gg@....#
######
.....g#####.#
####) #.# #
#.# #.# #.#
#.# #.# #.#


You could see Ijyb and 2 goblins.

Vanquished Creatures
  An adder (D:2)
  A worm (D:2)
  A dart slug (D:1)
  2 orcs (D:3)
  7 endoplasms
  10 goblins
  8 hobgoblins
  4 jackals
  5 kobolds
  A quokka (D:1)
  4 ball pythons
  4 bats
  A frilled lizard (D:2)
  8 rats (D:1)
57 creatures vanquished.

Notes
Turn   | Place    | Note
-------+----------+-------------------------------------------
     0 | D:1      | qw the Deep Elf Hunter began the quest for the Orb.
     0 | D:1      | Reached XP level 1. HP: 12/12 MP: 3/3
     0 | D:1      | 0 ||| qw: Version: 0.3-a-9-g12657ce
     0 | D:1      | 0 ||| qw: Game counter: 3275
     0 | D:1      | 0 ||| qw: Always use a shield: true
     0 | D:1      | 0 ||| qw: God list: Okawaru
     0 | D:1      | 0 ||| qw: Allow faded altars: false
     0 | D:1      | 0 ||| qw: Do Orc after D:15 true
     0 | D:1      | 0 ||| qw: Do second Lair branch before Depths: true
     0 | D:1      | 0 ||| qw: Lair rune preference: random
     0 | D:1      | 0 ||| qw: Plans: Normal
     0 | D:1      | 0 ||| PLANNING D:1-11
   143 | D:1      | Reached XP level 2. HP: 16/16 MP: 4/4
   148 | D:1      | Reached skill level 6 in Ranged Weapons
   434 | D:1      | Reached XP level 3. HP: 20/20 MP: 5/5
   694 | D:1      | 694 ||| DROPPING ring of magical power.
   695 | D:1      | 695 ||| READING scroll labelled PUARUE NEGIY.
   696 | D:1      | 696 ||| DROPPING scroll of butterflies.
   771 | D:2      | Reached skill level 7 in Ranged Weapons
  1400 | D:2      | 1400 ||| READING scroll labelled HOMAXZ SAHE.
  1401 | D:2      | 1401 ||| READING scroll labelled EMAD GIWUTOPU.
  1402 | D:2      | 1402 ||| DRINKING 3 smoky pink potions.
  1420 | D:3      | 1420 ||| STAIRDANCE
  1423 | D:2      | Reached XP level 4. HP: 24/25 MP: 6/6
  1606 | D:3      | Noticed Ijyb
  1624 | D:3      | Slain by Ijyb

Levels and vault maps discovered:
D:1:      dpeg_arrival_ratfight, layout_loops_cross
D:2:      layout_basic, kennysheep_donut
D:3:      kennysheep_the_goblin_king, layout_loops_ring, fedhas_altar_2,
          eino_curves_01, uniq_crazy_yiuf_cottage

Skill      XL: |  1  2  3 |
---------------+----------+-----
Ranged Weapons | 6 7 |  7.6
Fighting       | |  1.5
Dodging        | |  2.4
Stealth        | |  1.2

Action                     |  1- 3 |  4- 6 || total
---------------------------+-------+-------++-------
   Fire: Shortbow          |   120 |    23 ||   143
    Use: Scroll            |     3 |       ||     3
         Potion            |     1 |       ||     1
 Armour: Leather armour    |    13 |     1 ||    14
  Dodge: Dodged            |    28 |     2 ||    30

Table legend:
 A = Non-vault XP
 B = Vault XP
 C = Vault XP percentage of total XP
 D = Non-vault monster count
 E = Vault monster count
 F = Vault count percentage of total count
                 A         B        C        D         E       F
            +---------+---------+-------+---------+---------+-------
      Total |     101 |      13 |  11.4 |      48 |       9 |  15.8
            +---------+---------+-------+---------+---------+-------
        D:1 |      49 |       5 |   9.3 |      27 |       5 |  15.6
        D:2 |      37 |       0 |   0.0 |      13 |       0 |   0.0
        D:3 |      15 |       8 |  34.8 |       8 |       4 |  33.3
            +---------+---------+-------+---------+---------+-------
